 Dungeon Crawl Stone Soup version 0.30.1-3-gfc49f6343a (webtiles) character file.

Game seed: 8749704529213094381

73 Babbit the Covered (level 4, 0/40 HPs)
             Began as a Minotaur Fighter on July 19, 2023.
             Succumbed to a gnoll sergeant's poison
             ... on level 2 of the Dungeon.
             The game lasted 00:08:54 (789 turns).

Babbit the Covered (Minotaur Fighter)                Turns: 789, Time: 00:08:54

Health: 0/40       AC:  7    Str: 23    XL:     4   Next: 8%
Magic:  3/3        EV:  9    Int:  5    God:
Gold:   119        SH:  4    Dex:  9    Spells: 3/3 levels left

rFire   . . .        i - +0 hand axe (vamp)
rCold   . . .        c - +0 buckler
rNeg    . . .        b - +0 scale mail
rPois   .            (helmet restricted)
rElec   .            (no cloak)
rCorr   .            (no gloves)
SInv    .            (no boots)
Will    .....        (no amulet) Stlth
                     (no ring)
HPRegen 0.26/turn    (no ring)
MPRegen 0.08/turn

%: no passive effects
@: mighty, lethally poisoned (0 -> -31)
A: horns 2, retaliatory headbutt
a: no special abilities


You were on level 2 of the Dungeon.
You visited 1 branch of the dungeon, and saw 2 of its levels.

You collected 119 gold pieces.

Inventory:

Hand Weapons
 a - a +0 war axe
 i - a +0 vampiric hand axe (weapon)
Missiles
 f - 2 poisoned darts (quivered)
 h - 6 javelins
Armour
 b - a +0 scale mail (worn)
 c - a +0 buckler (worn)
Scrolls
 e - a scroll of teleportation {unknown}
 g - a scroll of identify {unknown}
Potions
 d - a potion of might


   Skills:
 + Level 4.2 Fighting
 * Level 3.8 Axes
 + Level 4.2 Armour
 + Level 4.2 Shields


You had 3 spell levels left.
You didn't know any spells.
Your spell library was empty.

Dungeon Overview and Level Annotations

Branches:
Dungeon (2/15)

Altars:

Shops:
D:1 [


Innate Abilities, Weirdness & Mutations

You have a pair of horns on your head.
You reflexively headbutt those who attack you in melee.


Message History

You see here a +0 club.
The gnoll shouts!
Found a hand axe and a scroll labelled VEOSHILAGI.
You see here 8 gold pieces.
The gnoll sergeant shouts!
You see here a +0 vampiric hand axe.
i - a +0 vampiric hand axe You feel a sense of dread.
i - a +0 vampiric hand axe (weapon)
The gnoll hits you but does no damage.
You barely miss the gnoll. You headbutt the gnoll!
You kill the gnoll!
You have reached level 4!
You feel stronger. You block the gnoll sergeant's attack.
Things that are here:
a +0 whip; a gnoll corpse You hit the gnoll sergeant but do no damage.
The gnoll sergeant hits you with a +0 spear of venom!
You are poisoned.
You hit the gnoll sergeant.
You feel better.
The gnoll sergeant is lightly wounded.
You feel very sick. The gnoll sergeant barely misses you.
The gnoll sergeant blocks your attack.
Your headbutt misses the gnoll sergeant.
The gnoll sergeant is lightly wounded.
You feel very sick.
The gnoll sergeant hits you with a +0 spear of venom.
You are lethally poisoned!
The gnoll sergeant hits you with a +0 spear of venom.
You feel very mighty all of a sudden.
* * * LOW HITPOINT WARNING * * *
You feel very sick.
The gnoll sergeant hits you with a +0 spear of venom.
* * * LOW HITPOINT WARNING * * *
You are more poisoned.
You barely miss the gnoll sergeant. You headbutt the gnoll sergeant.
The gnoll sergeant is moderately wounded.
You die...

#.###......†.... #.
#........... #
########.#.. #.###
♣♣♣♣♣♣ #.# ♣)...♣♣ #.#
### #..♣♣♣ #.#
#...#...$♣♣♣ ####.###
#...#@♣....♣♣##.......
#.?..g.....).....##..##
##..?#..♣..)♣♣########
#...#....♣♣♣ #####..♣♣♣
♣.$.)♣♣ ♣♣♣♣♣♣


You could see a gnoll sergeant.

Vanquished Creatures
  2 gnolls (D:2)
  2 adders (D:2)
  4 dart slugs (D:1)
  4 ball pythons
  2 endoplasms
  A giant cockroach (D:1)
  5 goblins (D:1)
  A hobgoblin (D:1)
  2 kobolds
  3 bats (D:1)
  A frilled lizard (D:1)
  3 rats (D:1)
30 creatures vanquished.

Notes
Turn   | Place    | Note
-------+----------+-------------------------------------------
     0 | D:1      | Babbit the Minotaur Fighter began the quest for the Orb.
     0 | D:1      | Reached XP level 1. HP: 19/19 MP: 0/0
   100 | D:1      | Found Kitzisesh's Antique Armour Boutique.
   162 | D:1      | Reached XP level 2. HP: 27/27 MP: 1/1
   592 | D:1      | Reached XP level 3. HP: 30/33 MP: 2/2
   776 | D:2      | Noticed a gnoll sergeant
   778 | D:2      | Found the +5 woodcutter's axe
   784 | D:2      | Reached XP level 4. HP: 40/40 MP: 3/3
   789 | D:2      | Succumbed to a gnoll sergeant's poison

Illustrated notes

Levels and vault maps discovered:
D:1:      sevenhm_arrival_forest_fort_small_3, layout_basic, serial_shops, shop,
          minmay_liquid_box, st_stairs_14
D:2:      layout_rooms, pf_guarded_unrand_woodcutter

Skill      XL: |  1  2  3 |
---------------+----------+-----
Axes           | 3 |  3.8
Shields        | 4 |  4.2
Armour         | 4 |  4.2
Fighting       | 4 |  4.2

Action                     |  1- 3 |  4- 6 || total
---------------------------+-------+-------++-------
  Melee: War axe           |    50 |       ||    50
         Headbutt          |     9 |     1 ||    10
         Hand axe          |     1 |     4 ||     5
  Throw: Dart              |     3 |       ||     3
    Use: Scroll            |     1 |       ||     1
         Potion            |       |     1 ||     1
 Armour: Scale mail        |    26 |       ||    26
  Dodge: Dodged            |    24 |     1 ||    25
  Block: Buckler           |    10 |     1 ||    11
